 Dungeon Crawl Stone Soup version 0.32-a0-39-g5c88369fb2 (webtiles) character file.

Game seed: 14218714322429545749

8231 Ge0ff the Thaumaturge (level 11, -2/84 HPs)
             Began as a Mummy Cinder Acolyte on Jan 30, 2024.
             Was a High Priest of Ignis.
             Slain by a warg (19 damage)
             ... on level 9 of the Dungeon.
             The game lasted 00:22:15 (12386 turns).

Ge0ff the Thaumaturge (Mummy Cinder Acolyte)       Turns: 12386, Time: 00:22:15

Health: -2/84      AC:  7    Str: 17    XL:     11   Next: 7%
Magic:  21/27      EV: 12    Int: 18    God:    Ignis [*****.]
Gold:   1788       SH:  5    Dex:  8    Spells: 32/34 levels left

rFire   + . .        a - staff of fire
rCold   + . .        x - orb {*channel}
rNeg    + + +        V - +2 robe {Will+}
rPois   ∞            p - +2 helmet of Ubriut {Harm rPois Will+}
rElec   .            (no cloak)
rCorr   .            (no gloves)
SInv    .            (no boots)
Will    +++..        r - amulet of reflection
Stlth   ++           (no ring)
HPRegen 0.34/turn    (no ring)
MPRegen 0.20/turn

%: harm (+30% outgoing, +20% incoming), reflection, faith, channel magic (20%)
@: no status effects
A: cold resistance 1, negative energy resistance 3, torment resistance 2, heat
vulnerability 1, in touch with death 1, no potions, faith
a: Renounce Religion, Fiery Armour, Foxfire Swarm, Rising Flame


You were on level 9 of the Dungeon.
You worshipped Ignis.
Ignis was extremely pleased with you.
You visited 2 branches of the dungeon, and saw 10 of its levels.

You collected 1788 gold pieces.

Inventory:

Hand Weapons
 b - a +3 dagger of venom
 h - a +0 sling
 n - a -1 spear of flaming
 U - a +2 whip of electrocution
Missiles
 c - 63 stones
 g - 2 throwing nets {=F}
 m - 16 boomerangs
 v - 3 curare-tipped darts {=F}
 y - 13 poisoned darts
Armour
 p - the +2 helmet of Ubriut (worn) {Harm rPois Will+}
   (You took it off Robin on level 3 of the Dungeon)

   rPois:     It protects you from poison Will+: It increases your willpower.
   Harm:      It increases damage dealt and taken.
 x - an orb of energy (worn)
 V - a +2 robe of willpower (worn)
Magical Staves
 a - a staff of fire (weapon)
Jewellery
 r - an amulet of reflection (around neck)
Wands
 f - a wand of flame (10)
Scrolls
 d - 3 scrolls of enchant weapon
 i - a scroll of identify
 j - a scroll of brand weapon
 o - 2 scrolls of amnesia
 t - a scroll of torment
 u - a scroll of fog {unknown}
 J - a scroll of silence {!r}
 S - a scroll of summoning
 T - 4 scrolls of teleportation
 W - a scroll of blinking {unknown}
 X - a scroll of revelation {unknown}


   Skills:
 + Level 7.5 Fighting
 - Level 2.4 Polearms
 - Level 2.0 Throwing
 + Level 2.9 Armour
 - Level 2.0 Dodging
 - Level 2.0 Stealth
 - Level 12.0 Spellcasting
 - Level 8.5 Fire Magic
 + Level 3.6 Evocations


You had 32 spell levels left.
You knew the following spells:

 Your Spells              Type           Power      Damage    Failure   Level
C - Scorch                Fire           100%       2d9       2%          2

Your spell library contained the following spells:

 Spells                   Type           Power      Damage    Failure   Level
 Slow                     Hex            40%        N/A       17%         1
 Confusing Touch          Hex            10%        N/A       38%         3
 Dazzling Flash           Conj/Hex       20%        N/A       38%         3
 Fugue of the Fallen      Necr           16%        N/A       38%         3
 Mephitic Cloud           Conj/Alch/Air  10%        N/A       38%         3
 Ozocubu's Armour         Ice            10%        N/A       38%         3
 Sigil of Binding         Hex            10%        N/A       38%         3
 Summon Ice Beast         Ice/Summ       10%        N/A       38%         3
 Vampiric Draining        Necr           16%        2d7       38%         3
 Manifold Assault         Tloc           10%        N/A       75%         4
 Curse of Agony           Necr           16%        N/A       96%         5
 Metabolic Englaciation   Hex/Ice        5%         N/A       96%         5
 Silence                  Hex/Air        5%         N/A       96%         5
 Summon Mana Viper        Hex/Summ       10%        N/A       96%         5
 Sculpt Simulacrum        Ice/Alch       5%         N/A       100%        6
 Monstrous Menagerie      Summ           5%         N/A       100%        7


Dungeon Overview and Level Annotations

Branches:
Dungeon (9/15) Zot: 26269  Temple (1/1) D:4 Zot: 5998    Lair (0/5) D:9
    Orc: D:9-12

Altars:
Ashenzari
Dithmenos
Fedhas
Gozag
Hepliaklqana
Kikubaaqudgha
Nemelex Xobeh
Okawaru
Qazlal
Ru
Sif Muna
Trog
Uskayaw
Vehumet
Wu Jian
Xom
Yredelemnul

Shops:
D:4 (

Annotations:
D:9 2 transporters, hattey's ghost, journeyman HuWn


Innate Abilities, Weirdness & Mutations

You are immune to poison.
Your flesh is cold resistant. (rC+)
You are immune to negative energy. (rN+++)
You are immune to unholy pain and torment.
You are vulnerable to heat. (rF-)
You are in touch with the powers of death.
You do not drink.
You have a special connection with the divine. (Faith)


Message History

You hear a shout!
An orc wizard comes into view. It is wielding a +0 dagger.
A wolf and an orc priest come into view.
The wolf howls!
The orc priest shouts!
The wolf moves out of view.
The bullfrog attacks as it pursues you! The bullfrog closely misses you.
The warg barely misses you.
The bullfrog releases a deep croak.
The warg bites you! The bullfrog attacks as it pursues you!
The bullfrog misses you. The bullfrog closely misses you.
Casting: Scorch (safe; 2% risk of failure)
Confirm with . or Enter, or press ? or * to list all spells.
You feel a surge of power!
Flames lash the bullfrog.
The bullfrog is heavily wounded.
The bullfrog's fire resistance burns away.
Magical energy flows into your mind!
You hear a shout!
The bullfrog hits you!
Casting: Scorch (safe; 2% risk of failure)
Confirm with . or Enter, or press ? or * to list all spells.
You feel a surge of power!
Flames lash the wolf.
The wolf is severely wounded.
The wolf's fire resistance burns away.
The bullfrog hits you but does no damage.
The bullfrog barely misses you.
Casting: Scorch (safe; 2% risk of failure)
Confirm with . or Enter, or press ? or * to list all spells.
You feel a surge of power!
Flames lash the bullfrog.
The bullfrog is burned terribly!
You kill the bullfrog!
The warg bites you.
Casting: Scorch (safe; 2% risk of failure)
Confirm with . or Enter, or press ? or * to list all spells.
You feel a surge of power!
Flames lash the centaur.
The centaur is heavily wounded.
The centaur's fire resistance burns away.
The orc priest mumbles some strange prayers to Beogh against you.
Beogh smites you! The warg bites you!
Casting: Scorch (safe; 2% risk of failure)
Confirm with . or Enter, or press ? or * to list all spells.
You feel a surge of power!
Flames lash the orc priest.
The orc priest is almost dead.
The orc priest's fire resistance burns away.
Magical energy flows into your mind! The warg bites you but does no damage.
The orc priest invokes the aid of Beogh against you.
Beogh smites you!
* * * LOW HITPOINT WARNING * * *
The warg bites you!
You die...

#.# #..# #.# #..#
##.# #..# ...#
#..# #..## #..#
#...###########..#
.....)...........#
#...############.#
##... #@# ###.#
#h## .# #oh# .#
##co# .# #####ho.#
#..)..#..#
#....o####.#
....... .# ...=...
!#


You could see a warg, 2 wolves, a centaur (combustible), 2 orc priests and an
orc.

Vanquished Creatures
  2 two-headed ogres
  Pikel (D:5)
  The ghost of Drangen the Skirmisher, a novice GnHu (D:5)
  8 yaks
  A wraith (D:9)
  A wyvern (D:9)
  2 steam dragons
  Edmund (D:6)
  Menkaure (D:4)
  Duvessa (D:6)
  2 black bears
  3 ice beasts
  6 orc warriors
  3 ogres
  2 centaurs
  2 phantoms
  4 lemures
  3 bullfrogs
  A scorpion (D:5)
  13 wights
  Dowan (D:6)
  6 killer bees (D:8)
  2 electric eels (D:8)
  7 crimson imps
  A centaur zombie (D:6)
  2 bombardier beetles (D:4)
  3 bullfrog zombies (D:6)
  4 hounds
  A human zombie (D:6)
  4 orc priests
  A gnoll bouda (D:8)
  An iguana (D:4)
  10 orc wizards
  A mummy (D:6)
  Robin (D:3)
  9 gnolls
  8 adders
  3 shadow imps (D:7)
  2 white imps (D:6)
  4 ufetubi (D:6)
  2 dart slugs (D:1)
  48 orcs
  10 endoplasms
  2 giant cockroaches
  20 goblins
  6 hobgoblins
  4 quokkas (D:3)
  3 ball pythons
  4 bats
  3 frilled lizards
  8 kobolds
  4 rats
243 creatures vanquished.

Notes
Turn   | Place    | Note
-------+----------+-------------------------------------------
     0 | D:1      | Ge0ff the Mummy Cinder Acolyte began the quest for the Orb.
     0 | D:1      | Reached XP level 1. HP: 18/18 MP: 2/2
    79 | D:1      | Reached XP level 2. HP: 24/24 MP: 4/4
    83 | D:1      | Learned a level 2 spell: Scorch
   169 | D:1      | Reached skill level 2 in Spellcasting
   295 | D:1      | Reached skill level 1 in Stealth
   979 | D:2      | Reached XP level 3. HP: 29/29 MP: 3/6
  1827 | D:2      | Reached XP level 4. HP: 35/35 MP: 5/8
  2256 | D:3      | Identified the +2 helmet of Ubriut {Harm rPois Will+}
  2256 | D:3      | Noticed Robin
  2260 | D:3      | Reached skill level 3 in Spellcasting
  2667 | D:3      | Killed Robin
  3755 | D:4      | Reached XP level 5. HP: 41/41 MP: 3/10
  4102 | D:4      | Noticed a phantom
  4108 | D:4      | Killed a phantom
  4109 | D:4      | Reached skill level 4 in Spellcasting
  4316 | D:4      | Noticed Menkaure
  4320 | D:4      | Killed Menkaure
  4321 | D:4      | Reached skill level 5 in Spellcasting
  4321 | D:4      | Reached XP level 6. HP: 47/47 MP: 7/13
  4424 | D:4      | You fall into a shaft and drop 2 floors!
  4426 | D:6      | Noticed an ice beast
  4437 | D:6      | Killed an ice beast
  4529 | D:6      | Reached skill level 5 in Fire Magic
  4529 | D:6      | Reached XP level 7. HP: 52/52 MP: 9/14
  4591 | D:6      | Noticed Edmund
  4610 | D:6      | Killed Edmund
  4860 | D:5      | Entered Level 5 of the Dungeon
  5036 | D:5      | Noticed a yak
  5036 | D:5      | Noticed a yak
  5074 | D:6      | Noticed Pikel
  5439 | D:7      | Reached XP level 8. HP: 56/58 MP: 3/15
  5809 | D:7      | Reached skill level 1 in Evocations
  6228 | D:6      | Noticed Duvessa
  6228 | D:6      | Noticed Dowan
  6232 | D:6      | Killed Duvessa
  6235 | D:6      | Killed Dowan
  6369 | D:5      | Found a shadowy altar of Dithmenos.
  6644 | D:4      | Found a staircase to the Ecumenical Temple.
  6655 | Temple   | Entered the Ecumenical Temple
  6695 | D:4      | Found Ilagaomp's Weapon Boutique.
  7005 | D:5      | Reached skill level 1 in Armour
  7005 | D:5      | Reached skill level 1 in Dodging
  7005 | D:5      | Reached XP level 9. HP: 51/64 MP: 9/17
  7223 | D:5      | Identified 2 scrolls of acquirement
  7227 | D:5      | Noticed Drangen's ghost (novice GnHu)
  7228 | D:5      | Found a large runed translucent door.
  7228 | D:5      | Found a large runed translucent door.
  7293 | D:5      | Found a radiant altar of Vehumet.
  7306 | D:5      | Killed Drangen's ghost
  7307 | D:5      | Reached skill level 6 in Spellcasting
  7553 | D:5      | Acquired 592 gold pieces
  7554 | D:5      | Acquired 650 gold pieces
  7602 | D:6      | Reached skill level 5 in Fighting
  8572 | D:5      | Killed Pikel
  8573 | D:5      | Reached skill level 7 in Spellcasting
  8719 | D:6      | Found a basalt altar of Yredelemnul.
  8732 | D:6      | Reached skill level 8 in Spellcasting
  8824 | D:6      | Reached XP level 10. HP: 77/77 MP: 17/22
 10176 | D:8      | Noticed a two-headed ogre
 10206 | D:8      | Killed a two-headed ogre
 10207 | D:8      | Reached skill level 9 in Spellcasting
 10405 | D:8      | Reached skill level 1 in Throwing
 10419 | D:8      | Reached skill level 10 in Spellcasting
 11098 | D:8      | Reached skill level 11 in Spellcasting
 12054 | D:9      | Reached skill level 12 in Spellcasting
 12274 | D:9      | Noticed a tengu warrior
 12275 | D:9      | Found a bloodstained altar of Trog.
 12275 | D:9      | Noticed hattey's ghost (journeyman HuWn)
 12277 | D:9      | Noticed a two-headed ogre
 12277 | D:9      | Noticed a moth of wrath
 12282 | D:9      | Found a transporter.
 12285 | D:9      | Found a transporter.
 12286 | D:9      | Noticed a two-headed ogre
 12296 | D:9      | Noticed a two-headed ogre
 12305 | D:9      | Killed a two-headed ogre
 12306 | D:9      | Reached XP level 11. HP: 84/84 MP: 20/27
 12374 | D:9      | Found a staircase to the Lair.
 12386 | D:9      | Slain by a warg

Illustrated notes

Levels and vault maps discovered:
D:1:      dpeg_arrival_windows_large_door, layout_loops_ring
D:2:      layout_loops_corners, serial_forest, infiniplex_forest_diagonal,
          infiniplex_forest_pool, infiniplex_forest_lined_room_2,
          infiniplex_forest_side_room, infiniplex_forest_straight_1,
          infiniplex_forest_clump_medium, infiniplex_forest_clump_curved,
          infiniplex_forest_zigzag_1
D:3:      layout_basic, uniq_robin
D:4:      layout_cave_pods, minmay_temple_entry_poolview, serial_shops, shop,
          uniq_menkaure
D:5:      layout_rooms, nicolae_dithmenos_shadow_blocks, vehumet_altar_wand_db,
          ebering_ghost_disaster_area
D:6:      layout_rooms, lemuel_mausoleum_altar_yredelemnul, minmay_nine_imps,
          uniq_edmund, uniq_duvessa, uniq_pikel
D:7:      layout_loops_cross
D:8:      layout_loops_ring, special_room [special_room_orc],
          serial_bayou_lagoon_b
D:9:      layout_loops_ring, kennysheep_slug_shrine, makhleb_altar_promises_db,
          erik_lair_orcish_takeover, hiddenorc2_lemuel,
          gammafunk_ghost_wrathful_warriors,
          serial_library_hellmonk_layered_room, uniq_maurice
Temple:   sentei_temple_godly_chess

Skill      XL: |  1  2  3  4  5  6  7  8  9 10 |
---------------+-------------------------------+-----
Spellcasting   | 2 3 5 8 12 | 12.0
Stealth        | 1 2 |  2.0
Fire Magic     | 3 4 5 7 8 |  8.5
Evocations     | 3 |  3.6
Armour         | 1 2 |  2.9
Dodging        | 1 2 |  2.0
Fighting       | 6 7 |  7.5
Throwing       | 2 |  2.0
Polearms       | |  2.4

Action                     |  1- 3 |  4- 6 |  7- 9 | 10-12 || total
---------------------------+-------+-------+-------+-------++-------
  Melee: Spear             |    16 |       |       |       ||    16
         Dagger            |    17 |       |   132 |       ||   149
         Staff             |       |       |    16 |     6 ||    22
  Throw: Stone             |       |     1 |     2 |     1 ||     4
         Dart              |       |       |       |     3 ||     3
   Cast: Scorch            |    21 |    53 |   149 |   168 ||   391
 Invoke: Fiery Armour      |       |       |     1 |       ||     1
  Evoke: Wand              |       |       |    17 |     2 ||    19
    Use: Scroll            |       |       |     7 |     4 ||    11
 Armour: Robe              |    12 |    20 |   177 |    71 ||   280
  Dodge: Dodged            |    14 |     9 |   138 |    55 ||   216
  Block: Other             |       |       |    12 |       ||    12

Table legend: (Time is in decaauts)
 A = Elapsed time spent in this place.
 B = Non-inter-level travel time spent in this place.
 C = Inter-level travel time spent in this place.
 D = Time resting spent in this place.
 E = Time spent auto-exploring this place.
 F = Levels seen in this place.
 G = Mean time per level.
                   A        B        C        D        E       F      G
               +--------+--------+--------+--------+--------+-----+--------+
         Total |  12427 |  12096 |    331 |   1331 |   8758 |  10 | 1242.7 |
       Dungeon |  12426 |  12095 |    331 |   1331 |   8758 |   9 | 1380.7 |
        Temple |      1 |      1 |      0 |      0 |      0 |   1 |    1.0 |
               +--------+--------+--------+--------+--------+-----+--------+

Top non-repeatable levels by time:
     D:7: 2197 daAuts
     D:6: 1682 daAuts
     D:5: 1563 daAuts
     D:8: 1541 daAuts
     D:2: 1483 daAuts
     D:3: 1399 daAuts
     D:4: 1026 daAuts
     D:1: 921 daAuts
     D:9: 609 daAuts
  Temple: 1 daAuts
